 Dungeon Crawl Stone Soup version 0.23.1 (webtiles) character file.

Game seed: 3510993479827298124

287 misha the Spear-Bearer (level 6, 0/51 HPs)
             Began as a Merfolk Berserker on Mar 9, 2019.
             Was a Priest of Trog.
             Slain by a gnoll sergeant
             ... wielding a +1 trident of pain
              (2 damage)
             ... while paralysed
             ... on level 4 of the Dungeon.
             The game lasted 00:13:37 (4409 turns).

misha the Spear-Bearer (Merfolk Berserker)          Turns: 4409, Time: 00:13:37

Health: 0/51       AC: 11    Str: 20    XL:     6   Next: 30%
Magic:  11/15      EV:  2    Int:  6    God:    Trog [***...]
Gold:   272        SH:  0    Dex: 13    Spells: 5/5 levels left

rFire    . . .     SeeInvis .   w - +1 trident
rCold    . . .     Gourm    .   (no shield)
rNeg     . . .     Faith    .   l - +1 plate armour
rPois    +         Spirit   .   x - +0 helmet
rElec    .         Reflect  .   (no cloak)
rCorr    .         Harm     .   (no gloves)
MR       .....                  f - +0 pair of boots of Royalty {rPois MP+9}
Stlth    ..........             v - amulet of the acrobat
HPRegen  0.17/turn              u - -2 ring of protection
MPRegen  0.14/turn              (no ring)

@: paralysed, berserk cooldown, slowed
A: change form in water, swift swim, stealthy swim
a: Berserk, Trog's Hand, Renounce Religion


You were on level 4 of the Dungeon.
You worshipped Trog.
Trog was most pleased with you.
You were very hungry.

You visited 1 branch of the dungeon, and saw 4 of its levels.

You collected 272 gold pieces.

Inventory:

Hand Weapons
 a - a +0 spear
 p - a cursed -2 quarterstaff
 w - a +1 trident (weapon)
Missiles
 g - 123 stones (quivered)
 h - 28 sling bullets
 r - 7 javelins
Armour
 b - a +0 animal skin
 f - the +0 pair of boots of Royalty (worn) {rPois MP+9}
   (You found it on level 4 of the Dungeon)

   It protects you from poison.
   It affects your magic capacity (+9).
 l - a +1 plate armour (worn)
 x - a +0 helmet (worn)
Jewellery
 u - a -2 ring of protection (left hand)
 v - an amulet of the acrobat (around neck)
Scrolls
 o - a scroll of immolation {unknown}
 q - a scroll of remove curse
 s - a scroll of amnesia
Potions
 d - 2 potions of mutation
 e - a potion of haste {unknown}
 i - a potion of resistance {unknown}
 j - a potion of ambrosia {unknown}
 k - a potion of flight
 m - 2 potions of might
 n - a potion of degeneration {unknown}
 t - a potion of agility {unknown}
 z - a potion of cancellation {unknown}
Comestibles
 c - 9 rations


   Skills:
 + Level 5.1 Fighting
 * Level 8.1 Polearms
 - Level 1.5 Armour
 - Level 3.1 Dodging
 - Level 0.1 Stealth


You had 5 spell levels left.
You didn't know any spells.
Your spell library was empty.

Dungeon Overview and Level Annotations

Branches:
Dungeon (4/15)
 Temple: D:4-7

Altars:
Cheibriados
Hepliaklqana
Ru

Annotations:
D:4 1 transporter, Miyamura's ghost, amateur GnWn


Message History

a +0 flail; a wand of disintegration (9)
You feel a strong urge to attack something.
The gnoll sergeant misses you.
You are too injured to fight recklessly!
You are too injured to fight recklessly!
You are too injured to fight recklessly!
You are too injured to fight recklessly!
You are too injured to fight recklessly!
You are no longer berserk.
You pass out from exhaustion.
You feel yourself slow down.
The gnoll sergeant hits you from afar with a +1 trident of pain.
* * * LOW HITPOINT WARNING * * *
The gnoll sergeant hits you but does no damage.
You writhe in agony.
* * * LOW HITPOINT WARNING * * *
The gnoll sergeant hits you but does no damage.
The gnoll sergeant hits you but does no damage.
You writhe in agony.
You die...

≈≈≈≈≈≈≈≈≈≈...≈≈≈≈≈≈≈≈≈≈≈.......##
≈≈≈≈≈≈≈≈≈≈...≈≈≈≈≈≈≈≈≈≈≈.......#
≈#####...........#####≈≈.......##
≈#.8.#.###.©.###.#.8.#≈≈........#
≈#g..###.#####.###..!#≈≈.#.......
≈###..g............###≈≈.........
≈.8#.######+######g#8.≈≈.........
≈.##.#$.(#8.P#.⌠.#g##.≈≈.#.#..)..
≈.#..'$.:#⌠©....@)..#.≈≈...#.##..
≈.##.#...#8.P#.).#.##.≈≈..#####..
≈.8#.######+######.#8.≈≈.######..
≈###.. .........W..###≈≈...#.....
≈#.(.###.#####©###...#≈≈.........
≈#.8g#.###.©.###.#.8.#≈≈.........
≈#####...........#####≈≈.........
≈≈≈≈≈≈≈≈≈≈≈≈≈≈≈≈≈≈≈≈≈≈≈≈.........
≈≈≈≈≈≈≈≈≈≈≈≈≈≈≈≈≈≈≈≈≈≈≈≈.........


You could see a gnoll sergeant and Miyamura's ghost.

Vanquished Creatures
  A gnoll shaman (D:4)
  An orc priest (D:3)
  An orc wizard (D:3)
  A worker ant (D:4)
  A hound zombie (D:4)
  6 gnolls
  2 oozes
  4 dart slugs
  6 leopard geckos
  8 orcs
  A ball python (D:3)
  3 bats
  8 giant cockroaches
  7 goblins
  6 hobgoblins
  4 jackals (D:3)
  8 kobolds
  A quokka (D:2)
  3 frilled lizards
  9 rats
81 creatures vanquished.

Vanquished Creatures (others)
  4 plants (D:4)
4 creatures vanquished.

Grand Total: 85 creatures vanquished

Notes
Turn   | Place    | Note
-------+----------+-------------------------------------------
     0 | D:1      | misha the Merfolk Berserker began the quest for the Orb.
     0 | D:1      | Reached XP level 1. HP: 18/18 MP: 1/1
   151 | D:1      | Reached XP level 2. HP: 24/24 MP: 2/2
   158 | D:1      | Reached skill level 5 in Polearms
   391 | D:1      | Reached XP level 3. HP: 30/30 MP: 3/3
   940 | D:2      | Reached ** piety under Trog
  1005 | D:2      | Found a hazy altar of Hepliaklqana.
  1007 | D:2      | Found a snail-covered altar of Cheibriados.
  1707 | D:3      | Reached XP level 4. HP: 37/37 MP: 4/4
  1945 | D:3      | Reached skill level 6 in Polearms
  2792 | D:3      | Reached XP level 5. HP: 35/43 MP: 5/5
  3177 | D:3      | Reached skill level 7 in Polearms
  3193 | D:3      | Found a sacrificial altar of Ru.
  3739 | D:4      | Got a pair of twisted boots
  3745 | D:4      | Identified the cursed +0 pair of boots of Royalty {rPois
                  | MP+9} (You found it on level 4 of the Dungeon)
  3830 | D:4      | Identified the cursed +0 buckler of Perfidy {rF+++ rN+++
                  | MP-9 Slay-6}
  3882 | D:4      | Found a transporter.
  3891 | D:4      | Noticed Miyamura's ghost (amateur GnWn)
  3996 | D:4      | Found a transporter.
  4123 | D:4      | Reached *** piety under Trog
  4123 | D:4      | Reached XP level 6. HP: 47/50 MP: 6/6
  4138 | D:4      | Reached skill level 5 in Fighting
  4401 | D:4      | Reached skill level 8 in Polearms
  4408 | D:4      | HP: 2/51 [gnoll sergeant/+1 trident of pain (1)]
  4409 | D:4      | Slain by a gnoll sergeant

Skill      XL: |  1  2  3  4  5  6 |
---------------+-------------------+-----
Polearms       | 5 6 7 8 |  8.1
Dodging        | 3 |  3.1
Fighting       | 4 5 |  5.1
Armour         | |  1.5
Stealth        | |  0.1

Action                   |  1- 3 |  4- 6 || total
-------------------------+-------+-------++-------
Melee: Spear             |   141 |    98 ||   239
       Trident           |       |    75 ||    75
Invok: Berserk           |       |     3 ||     3
  Use: Scroll            |       |     9 ||     9
 Stab: Sleeping          |     2 |       ||     2
  Eat: Chunk             |     3 |     6 ||     9
       Ration            |       |     1 ||     1
Armor: Animal skin       |     9 |       ||     9
       Plate armour      |    17 |    72 ||    89
Dodge: Dodged            |    46 |    39 ||    85
